 Dungeon Crawl Stone Soup version 0.14.0-17-gc0b17a5 (webtiles) character file.

653683 Leibowitz the Merfolkian Porcupine (level 27, -1/373 HPs)
             Began as a Merfolk Gladiator on Apr 17, 2014.
             Was the Champion of Okawaru.
             Killed by divine providence
             ... invoked by a mummy priest
              (15 damage)
             ... on Level 6 of a ziggurat on Apr 19, 2014.
             The game lasted 09:13:57 (92656 turns).

Leibowitz the Merfolkian Porcupine (MfGl)          Turns: 92656, Time: 09:13:57

HP  -1/373       AC 30     Str 25 (30) XL: 27
MP  30/30        EV 40     Int  8      God: Okawaru [******]
Gold 7931        SH  0     Dex 25      Spells:  0 memorised, 26 levels left

rFire  + + .     SeeInvis +     a - +9,+8 glaive of Zilug {chop, +Inv rF++ rC-}
rCold  + . .     Clarity  +     b - +6 scale mail of Existentialism {rElec rC+ Dex+3}
rNeg   . . .     Conserve .     (no shield)
rPois  +         rCorr    .     p - +2 helmet of Striy {+Fly rPois Curse}
rElec  +         rRot     .     Z - +2 cloak {MR+}
SustAb . .       Spirit   .     U - +2 pair of gloves of the Turtledove {Str+5}
rMut   .         Warding  .     f - -2 pair of boots "Mesh" {Acc+3 SInv}
Saprov . . .     Stasis   .     D - amulet "Notut" {Clar rC+ Acc-5}
MR     +++..                    V - ring of Diotz {+Inv rElec Acc+4}
                                N - +4 ring of evasion

@: berserking (expiring), very quick, extremely resistant to hostile
enchantments, extremely unstealthy
A: change form in water, swift swim, yellow scales 1, clarity, low mp 1, spit
poison 1
a: Spit Poison, Heroism, Finesse, Renounce Religion, Evoke Invisibility, Evoke
Flight
}: 4/15 runes: decaying, serpentine, slimy, silver


You were on level 6 of a ziggurat.
You worshipped Okawaru.
Okawaru was exalted by your worship.
You were not hungry.

You visited 14 branches of the dungeon, and saw 65 of its levels.
You visited 1 Ziggurat, and saw 6 of its levels.
You also visited: Labyrinth, Trove, Sewer and Ice Cave.

You collected 9897 gold pieces.
You spent 1966 gold pieces at shops.

Inventory:

Hand weapons
 a - the +9,+8 glaive of Zilug (weapon) {chop, +Inv rF++ rC-}
   (Okawaru gifted it to you on level 4 of the Lair of Beasts)

   It inflicts extra damage upon your enemies.
   It greatly protects you from fire.
   It makes you vulnerable to cold.
   It lets you turn invisible.
 x - the +5,+6 glaive of Suugg {flame, Str-3}
   (You found it in a treasure trove)

   It emits flame when wielded, causing extra injury to most foes and up to
   double damage against particularly susceptible opponents.
   Big, fiery blades are also staple armaments of hydra-hunters.
   It affects your strength (-3).
 B - a +8,+5 demon trident of draining
 Y - the +6,+6 flail of Risk Management {crush, Int+3, unknown}
   (You found it on level 4 of a ziggurat)

   It inflicts extra damage upon your enemies.
   It affects your intelligence (+3).
Missiles
 d - 8 throwing nets (quivered)
Armour
 b - the +6 scale mail of Existentialism (worn) {rElec rC+ Dex+3}
   (You found it on level 7 of the Lair of Beasts)

   It affects your dexterity (+3).
   It protects you from cold.
   It insulates you from electricity.
 f - the -2 pair of boots "Mesh" (worn) {Acc+3 SInv}
   (You found it on level 14 of the Dungeon)

   It affects your accuracy with ranged weapons and melee attacks (+3).
   It enhances your eyesight.
 p - the cursed +2 helmet of Striy (worn) {+Fly rPois Curse}
   (Okawaru gifted it to you on level 1 of the Depths)

   It protects you from poison.
   It lets you fly.
   It may recurse itself when equipped.
   It has a curse placed upon it.
 O - the +3 chain mail of the Gloaming {Acc+4}
   (You found it on level 3 of a ziggurat)

   It affects your accuracy with ranged weapons and melee attacks (+4).
 U - the +2 pair of gloves of the Turtledove (worn) {Str+5}
   (You found it on level 6 of the Pits of Slime)

   It affects your strength (+5).
 Z - a +2 cloak of magic resistance (worn)
Magical devices
 i - a wand of digging (5)
 o - a wand of cold (10)
 t - a wand of fire (3)
 P - a wand of teleportation (3)
 R - a wand of heal wounds (7)
 T - a wand of disintegration (13)
Comestibles
 I - 13 meat rations
Scrolls
 g - 3 scrolls of enchant weapon I
 m - 8 scrolls of fear
 u - a scroll of enchant weapon III
 w - 10 scrolls of fog
 z - 14 scrolls of identify
 C - 4 scrolls of teleportation
 F - 6 scrolls of recharging
 G - a scroll of enchant armour
 H - 3 scrolls of magic mapping
 J - 2 scrolls of blinking
 K - 13 scrolls of remove curse
 L - a scroll of summoning
 X - a scroll of enchant weapon II
Jewellery
 c - a cursed ring of positive energy
 e - an uncursed ring of teleport control
 j - an uncursed amulet of faith
 k - an uncursed ring of sustain abilities
 q - an uncursed amulet of resist mutation
 y - an uncursed amulet of resist corrosion
 D - the amulet "Notut" (around neck) {Clar rC+ Acc-5}
   (You found it on level 3 of the Depths)

   [amulet of clarity]

   It affects your accuracy with ranged weapons and melee attacks (-5).
   It protects you from cold.
 N - a +4 ring of evasion (left hand)
 Q - an uncursed ring of protection from cold
 V - the ring of Diotz (right hand) {+Inv rElec Acc+4}
   (You took it off an orc priest on level 14 of the Dungeon)

   [ring of invisibility]

   It affects your accuracy with ranged weapons and melee attacks (+4).
   It insulates you from electricity.
Potions
 h - a potion of might
 l - a potion of invisibility
 n - 6 potions of haste
 r - a potion of resistance
 s - 2 potions of heal wounds
 v - 5 potions of brilliance
 A - a potion of restore abilities
 E - 9 potions of curing
 M - 2 potions of cure mutation


   Skills:
 O Level 27 Fighting
 O Level 27 Polearms
 - Level 2.0 Throwing
 * Level 19.7 Armour
 O Level 27 Dodging
 - Level 10.2 Stealth
 - Level 8.4 Invocations
 - Level 3.2 Evocations


You had 26 spell levels left.
You didn't know any spells.

Dungeon Overview and Level Annotations

Branches:
Dungeon (15/15)            Temple (1/1) D:5             Orc (4/4) D:10
    Elf (3/3) Orc:4          Lair (8/8) D:10          Swamp (5/5) Lair:6
  Snake (5/5) Lair:6        Slime (6/6) Lair:7       Vaults (5/5) D:13
  Blade (1/1) Vaults:3      Crypt (5/5) Vaults:3       Tomb (1/3) Crypt:2
   Hell (1/1)              Depths (5/5) D:15
    Dis: Hell:1         Geh: Hell:1         Coc: Hell:1         Tar: Hell:1
    Zot: Depths:5

Altars:
Ashenzari
Dithmenos
Elyvilon
Kikubaaqudgha
Makhleb
Nemelex Xobeh
Okawaru
Sif Muna
Trog
Vehumet
Xom
Yredelemnul
The Shining One
Jiyva

Shops:
D:7 [   D:14 *   Orc:2 !   Orc:4 !=%!?   Elf:1 =   Depths:1 %

Portals:
Hell: Depths:1 Depths:2 Depths:3 Depths:4 Depths:5
Abyss: Depths:1 Depths:2 Depths:3 Depths:4
Pandemonium: Depths:2 Depths:3 Depths:4

Annotations:
Elf:3 1 exclusion
Swamp:5 1 exclusion
Hell Geryon


Innate Abilities, Weirdness & Mutations

You revert to your normal form in water.
You are very nimble and swift while swimming.
You are partially covered in yellow scales (AC +2).
You possess an exceptional clarity of mind.
Your magical capacity is low (-10% MP).
You can spit poison.


Message History

You hit the greater mummy.
The greater mummy is heavily damaged.
The greater mummy casts a spell at you. Something smites you!
* * * LOW HITPOINT WARNING * * *
The orange demon stings you but does no damage.
You slash the greater mummy!
The greater mummy is heavily damaged.
The blue devil misses you. The tengu zombie completely misses you.
The tengu zombie barely misses you. The tengu zombie completely misses you.
You slice the greater mummy!!
The greater mummy is severely damaged.
The greater mummy closely misses you. The mummy barely misses you.
The orange demon completely misses you.
You slice the greater mummy!!
The greater mummy is severely damaged.
The blue devil hits you but does no damage.
The mummy priest invokes the aid of its god against you.
Something smites you!
You die...

.........▓▓ ..
.........▓▓
M$}..#####.....▓
▓)∩:!.#...#.....▓▓
.)>[?.#...#...∩..▓
▓?∩(|.#...#.....▓▓
▓...MM#####.....▓
▓...MMM.......▓▓
▓▓.334@......▓▓
▓▓..zM.....▓▓
▓▓▓▓▓4▓▓▓▓▓ ▓▓▓


You could see a greater mummy, a mummy priest, a soul eater, an ice devil, an
orange demon, a guardian mummy, a blue devil, 3 mummies and a tengu zombie.

Vanquished Creatures
  the royal jelly (Slime:6)
  Khufu (Crypt:1)
  An ancient lich (Vaults:5)
  3 greater mummies
  Saint Roka (Vaults:4)
  Boris (twice) (Vaults:3 Depths:4)
  the Lernaean hydra (Swamp:5)
  The ghost of Elizilla the Brawler, a great TrMo of Dithmenos (Depths:2)
  6 golden dragons
  Jory (Vaults:4)
  Xtahua (Vaults:4)
  the Enchantress (Depths:4)
  2 bone dragons
  Nikola (Elf:1)
  A profane servitor (Crypt:5)
  Asterion (Elf:3)
  An Ice Fiend (IceCv)
  6 tentacled monstrosities
  The ghost of timbw the Brawler, a mighty TrMo of Kikubaaqudgha (Snake:5)
  Vashnia (Snake:2)
  3 titans
  3 quicksilver dragons (Vaults:5)
  9 liches
  2 storm dragons
  21 acid blobs
  7 sphinxes
  5 shadow dragons
  Rupert (Lair:6)
  Agnes (Snake:1)
  Frances (Snake:4)
  8 ancient champions
  5 tengu reavers
  2 thorn hunters (Swamp:3)
  8 greater nagas
  6 revenants
  9 fire giants
  10 ghouls
  3 deep elf sorcerers
  17 azure jellies
  Donald (Crypt:1)
  Wiglaf (Depths:1)
  An orc warlord (Zig:5)
  2 iron dragons
  Maud (D:14)
  17 vault wardens
  2 balrugs
  Louise (Snake:1)
  12 frost giants
  2 emperor scorpions (Depths:2)
  5 rakshasas
  Jorgrun (Elf:2)
  A war gargoyle (Vaults:5)
  A draconian annihilator (Depths:5)
  5 spriggan defenders
  2 reapers
  38 stone giants
  3 deep elf demonologists
  2 grey draconians (Depths:5)
  A draconian caller (Depths:5)
  A pale draconian (Depths:5)
  6 vampire knights
  Azrael (D:14)
  A curse skull (Crypt:4)
  10 deep elf annihilators
  2 dire elephants (Depths:2)
  A yellow draconian (shapeshifter) (Vaults:1)
  A white draconian (Depths:5)
  2 purple draconians (shapeshifter)
  7 eidola
  20 ettins
  20 jiangshi
  43 vault guards
  3 unborn
  A minotaur (Depths:3)
  9 deep elf death magi
  6 death oozes
  3 mummy priests
  The ghost of inmateoo the Grappler, a powerful TrMo of Trog (D:12)
  A crystal guardian (Vaults:5)
  12 ironheart preservers
  17 yaktaur captains
  12 fire dragons
  12 great orbs of eyes
  A death cob (Crypt:5)
  A quicksilver dragon skeleton (Crypt:2)
  9 ice dragons
  17 naga warriors
  Harold (Lair:4)
  7 spriggan air magi
  22 dancing weapons
  Nessos (D:11)
  21 hydras
  A shambling mangrove (Swamp:3)
  9 anacondas
  17 ogre magi
  8 deep troll shamans
  9 alligators
  6 deep dwarf death knights
  6 tengu warriors
  6 plague shamblers
  A titan zombie (Crypt:4)
  2 orc high priests (Zig:5)
  10 death yaks
  21 naga sharpshooters
  5 spriggan berserkers
  2 sun demons (Depths:5)
  Urug (D:14)
  9 deep troll earth magi
  7 shock serpents
  9 iron trolls
  A catoblepas (Depths:3)
  Nergalle (D:12)
  2 vampire magi
  18 very ugly things
  15 deep elf knights
  6 soul eaters
  10 centaur warriors
  2 fire crabs
  5 salamander mystics
  55 skeletal warriors
  A storm dragon skeleton (Crypt:1)
  An anaconda zombie (Crypt:1)
  8 unseen horrors
  5 shadow wraiths
  17 hill giants
  A spriggan druid (Swamp:5)
  7 naga ritualists
  5 ice devils
  6 deep elf summoners
  An orb spider (Lair:6)
  4 ice statues
  11 flayed ghosts
  A shadow dragon zombie (Crypt:1)
  32 deep trolls
  4 lindwurms (Snake:5)
  9 necromancers
  14 ironbrand convokers
  9 swamp dragons
  2 giant orange brains
  Joseph (D:8)
  A golden dragon skeleton (Depths:3)
  20 deep elf conjurers
  A hellion (Depths:2)
  A putrid demonspawn (Depths:3)
  A spectral human (Vaults:1)
  8 orc sorcerers
  A tengu zombie (Depths:3)
  17 mana vipers
  15 orc knights
  9 phantasmal warriors
  10 harpies
  2 fire giant zombies
  2 frost giant zombies
  A spectral fire dragon (Crypt:5)
  A stone giant zombie (Crypt:3)
  2 manticores
  An oklob plant (Lair:3)
  6 wolf spiders
  A manticore (shapeshifter) (Vaults:3)
  6 flaming corpses
  9 griffons
  11 cyclopes
  3 wizards
  11 salamanders
  A salamander (shapeshifter) (Vaults:3)
  A spectral alligator snapping turtle (Crypt:3)
  A sphinx skeleton (Depths:1)
  3 small abominations
  6 shining eyes
  An elephant (shapeshifter) (D:15)
  A red wasp (Vaults:3)
  2 sixfirhies (Depths:4)
  2 frost giant skeletons
  2 eyes of devastation
  17 elephants
  A black mamba (shapeshifter) (Elf:1)
  A tormentor (Depths:3)
  A spriggan zombie (Depths:3)
  2 dire elephant zombies
  40 black mambas
  24 vault sentinels
  A vapour (Swamp:2)
  A gargoyle (D:13)
  A titan simulacrum (Crypt:5)
  A spiny frog (shapeshifter) (Vaults:2)
  An orange demon (Depths:3)
  2 storm dragon simulacra
  27 naga magi
  A dire elephant skeleton (Crypt:2)
  2 feature mimics
  A yellow draconian zombie (Crypt:3)
  5 guardian serpents (Snake:5)
  6 kobold demonologists
  3 emperor scorpion zombies
  15 freezing wraiths
  2 redback zombies (Vaults:5)
  2 swamp worm zombies (Swamp:2)
  5 tengu conjurers
  5 silent spectres
  2 hellwings
  10 guardian mummies
  26 spiny frogs
  A centaur zombie (D:14)
  A mottled draconian skeleton (Crypt:3)
  2 minotaur zombies
  5 anaconda simulacra (IceCv)
  4 iron devils
  2 blue devils
  A golden dragon simulacrum (IceCv)
  A white draconian skeleton (Crypt:4)
  A demonic crawler (Elf:2)
  7 komodo dragons
  13 trolls
  3 fire drakes
  55 yaktaurs
  10 boggarts
  A red devil (Depths:3)
  A shadow dragon simulacrum (Depths:3)
  8 giant fireflies
  18 deep elf priests
  An elf (shapeshifter) (Vaults:3)
  7 giant leeches
  Sonja (D:11)
  3 spectral elves
  A wolf spider simulacrum (IceCv)
  A baby alligator (shapeshifter) (Vaults:3)
  A fire dragon zombie (Depths:2)
  103 slime creatures
  20 blink frogs
  A minotaur skeleton (Zig:3)
  34 ravens
  19 bog bodies
  An ice dragon zombie (Depths:2)
  A raven (shapeshifter) (Vaults:2)
  35 two-headed ogres
  An alligator zombie (Swamp:2)
  34 brown oozes
  3 fire dragon skeletons
  7 thorn lotuses
  4 basilisks
  3 baby alligators (Swamp:3)
  A boulder beetle (shapeshifter) (Vaults:4)
  A redback (shapeshifter) (Vaults:5)
  2 ynoxinuls
  2 guardian serpent skeletons
  4 boulder beetles
  10 spriggans
  2 ettin skeletons
  An ice dragon skeleton (D:15)
  9 shadows
  24 wraiths
  65 flying skulls
  2 fire elementals (D:14)
  33 yaks
  60 ugly things
  An elephant slug (Lair:5)
  11 water elementals
  4 wyverns
  9 redbacks
  25 deep elf magi
  A dire elephant simulacrum (IceCv)
  11 air elementals
  2 vampires
  5 sharks
  9 hippogriffs
  35 vampire mosquitoes
  A chaos spawn (Depths:4)
  3 hungry ghosts
  A plague shambler skeleton (D:15)
  A yaktaur simulacrum (Depths:1)
  A merfolk zombie (Crypt:1)
  A steam dragon (D:13)
  A death yak simulacrum (IceCv)
  13 wolves
  20 deep elf fighters
  4 iron troll simulacra
  4 hydra simulacra
  11 wargs
  42 nagas
  A mottled dragon (D:11)
  4 hell hounds
  A spectral snapping turtle (Crypt:5)
  28 swamp worms
  37 water moccasins
  3 harpy simulacra (IceCv)
  16 swamp drakes
  3 ice beasts
  5 black bears
  32 orc warriors
  A manticore zombie (D:14)
  6 necrophages
  2 ettin simulacra
  2 phantoms
  6 sky beasts
  A black bear (shapeshifter) (Vaults:4)
  17 centaurs
  11 porcupines
  8 giant goldfish
  86 ogres
  An alligator simulacrum (IceCv)
  A boring beetle (Lair:4)
  2 lost souls (Crypt:4)
  3 boring beetles (shapeshifter)
  An elephant skeleton (Crypt:2)
  7 big kobolds
  Duvessa (D:5)
  7 crocodiles
  A hog skeleton (Crypt:2)
  A yaktaur zombie (Vaults:5)
  10 giant slugs
  A draconian skeleton (Crypt:3)
  A cyclops zombie (D:15)
  An ugly thing skeleton (Crypt:2)
  A komodo dragon skeleton (D:10)
  A water moccasin zombie (Swamp:2)
  A spider zombie (Crypt:3)
  A salamander skeleton (Crypt:3)
  A gnoll sergeant (D:7)
  6 scorpions
  A manticore simulacrum (Crypt:5)
  A troll zombie (D:13)
  32 giant frogs
  2 wyvern skeletons
  2 cyclops skeletons
  14 eyes of draining
  A yak zombie (D:7)
  An electric eel (Lair:8)
  15 killer bees
  3 vampire bats (D:8)
  16 wights
  3 troll skeletons
  A pulsating lump (Slime:4)
  A tengu skeleton (D:12)
  9 crimson imps
  12 hounds
  8 goliath beetles
  Dowan (D:5)
  4 draconian simulacra (IceCv)
  A human simulacrum (Vaults:1)
  21 jellies
  A gnoll shaman (D:6)
  7 quasits
  8 big fish
  A centaur skeleton (Crypt:3)
  A human zombie (Crypt:1)
  An elf zombie (D:12)
  4 orange rats
  13 orc priests
  6 iron imps
  4 troll simulacra (IceCv)
  A human skeleton (Crypt:2)
  24 orc wizards
  An elf skeleton (D:15)
  A polar bear simulacrum (IceCv)
  17 worker ants
  12 iguanas
  A spriggan simulacrum (IceCv)
  20 sheep
  A wolf simulacrum (IceCv)
  A naga zombie (Crypt:1)
  A centaur simulacrum (IceCv)
  3 ogre zombies
  A sky beast zombie (Crypt:1)
  A basilisk simulacrum (D:15)
  A big kobold skeleton (Crypt:1)
  A deep dwarf skeleton (Crypt:2)
  10 mummies
  29 adders
  A big fish zombie (Swamp:2)
  16 gnolls
  4 ogre simulacra (IceCv)
  3 orc zombies
  A naga simulacrum (IceCv)
  A scorpion zombie (D:9)
  2 swamp drake skeletons
  A swamp drake zombie (Crypt:4)
  46 green rats
  4 shadow imps
  16 white imps
  4 giant mites
  8 worms
  7 ufetubi
  An iguana zombie (D:9)
  An adder skeleton (D:4)
  An iguana skeleton (D:3)
  A lava snake skeleton (Crypt:4)
  The ghost of nooodl the Shield-Bearer, a weakling FoFi (Lab)
  9 giant eyeballs
  7 giant geckos
  15 oozes
  139 orcs
  10 ball pythons
  4 bat skeletons (D:8)
  2 bat zombies (D:8)
  5 giant cockroaches
  A gnoll skeleton (Crypt:1)
  25 goblins
  19 hobgoblins
  25 jackals
  55 kobolds
  5 quokkas
  A ball python zombie (Crypt:2)
  24 bats
  A giant gecko zombie (Crypt:4)
  9 giant newts
  A giant newt zombie (Crypt:3)
  2 giant spores
  A hobgoblin skeleton (D:9)
  A kobold skeleton (Crypt:1)
  A kobold zombie (Crypt:2)
  An orc skeleton (D:4)
  A quokka zombie (D:9)
  40 rats
  A rat zombie (D:8)
  2 ballistomycetes (D:7)
  A briar patch (Swamp:3)
  A crawling corpse (Elf:1)
  2 fungi
  A plant (Depths:3)
3292 creatures vanquished.

Vanquished Creatures (others)
  A lich (Depths:2)
  A shadow dragon (Vaults:5)
  A tengu reaver (Depths:2)
  A deep elf death mage (Crypt:4)
  A deep elf high priest (Vaults:5)
  A deep elf knight (Vaults:3)
  A shadow wraith (Vaults:3)
  A necromancer (Crypt:2)
  A salamander (Snake:5)
  A naga mage (Snake:5)
  A blue devil (Snake:4)
  3 ravens
  A flying skull (Crypt:1)
  A naga (Snake:5)
  17 lost souls
  An orange rat (Elf:1)
  An orc (Vaults:4)
  A giant spore (D:11)
  A ballistomycete (D:9)
  2 butterflies (Depths:2)
  11 fungi
  4 plants
54 creatures vanquished.

Grand Total: 3346 creatures vanquished

Notes
Turn   | Place    | Note
--------------------------------------------------------------
     0 | D:1      | Leibowitz, the Merfolk Gladiator, began the quest for the Orb.
     0 | D:1      | Reached XP level 1. HP: 16/16 MP: 1/1
    33 | D:1      | Reached XP level 2. HP: 20/23 MP: 2/2
   248 | D:1      | Reached skill level 5 in Polearms
   446 | D:1      | Reached XP level 3. HP: 24/28 MP: 3/3
   882 | D:2      | Reached XP level 4. HP: 34/34 MP: 1/4
   979 | D:2      | Reached skill level 5 in Dodging
  1257 | D:2      | HP: 1/34 [gnoll/whip (1)]
  1543 | D:2      | Reached skill level 1 in Stealth
  1891 | D:3      | Reached XP level 5. HP: 30/40 MP: 5/5
  1905 | D:3      | Reached skill level 1 in Armour
  2101 | D:3      | Found a glowing drain.
  2148 | Sewer    | Entered a sewer
  2266 | Sewer    | Reached skill level 6 in Polearms
  2564 | Sewer    | Reached XP level 6. HP: 35/47 MP: 6/6
  3772 | D:4      | Reached XP level 7. HP: 54/54 MP: 7/7
  4066 | D:5      | Entered Level 5 of the Dungeon
  4081 | D:5      | Reached skill level 7 in Polearms
  4418 | D:5      | Found a deep blue altar of Sif Muna.
  4481 | D:5      | Found a staircase to the Ecumenical Temple.
  4502 | Temple   | Entered the Ecumenical Temple
  4517 | Temple   | Became a worshipper of Warmaster Okawaru
  4630 | D:5      | Noticed Duvessa
  4630 | D:5      | Noticed Dowan
  4652 | D:5      | Killed Dowan
  4652 | D:5      | Reached skill level 5 in Fighting
  4661 | D:5      | Killed Duvessa
  5104 | D:5      | Reached XP level 8. HP: 57/62 MP: 8/8
  5197 | D:6      | Found a shimmering altar of Xom.
  5224 | D:6      | Reached skill level 8 in Polearms
  5560 | D:6      | Found an iron altar of Okawaru.
  5601 | D:6      | Acquired Okawaru's first power
  6103 | D:7      | Found Schotodo's Antique Armour Boutique.
  6151 | D:7      | Found a radiant altar of Vehumet.
  6360 | D:7      | Reached skill level 9 in Polearms
  6360 | D:7      | Reached XP level 9. HP: 21/71 MP: 9/9
  6624 | D:7      | Paralysed by a giant eyeball for 4 turns
  7186 | D:7      | Found a burning altar of Makhleb.
  7550 | D:8      | Noticed Joseph
  7579 | D:8      | Killed Joseph
  7579 | D:8      | Reached skill level 10 in Polearms
  7579 | D:8      | Reached skill level 10 in Dodging
  7579 | D:8      | Reached skill level 5 in Stealth
  7591 | D:8      | Paralysed by a giant eyeball for 2 turns
  7597 | D:8      | Paralysed by a giant eyeball for 4 turns
  8095 | D:8      | Found an ancient bone altar of Kikubaaqudgha.
  8226 | D:8      | Reached XP level 10. HP: 80/80 MP: 10/10
  8284 | D:8      | Found an ancient bone altar of Kikubaaqudgha.
  8550 | D:9      | Noticed a centaur warrior
  8550 | D:9      | Noticed a five-headed hydra
  8571 | D:9      | Killed a five-headed hydra
  8571 | D:9      | Reached skill level 11 in Dodging
  8576 | D:9      | Killed a centaur warrior
  9625 | D:9      | Acquired Okawaru's second power
  9667 | D:9      | Reached skill level 12 in Polearms
  9838 | D:9      | Noticed a cyclops
  9925 | D:9      | Killed a cyclops
  9925 | D:9      | Reached XP level 11. HP: 42/89 MP: 11/11
 10381 | D:10     | Entered Level 10 of the Dungeon
 10477 | D:10     | Found a staircase to the Orcish Mines.
 10520 | D:10     | Got a faintly glowing leather armour
 10528 | D:10     | Identified the +0 leather armour of the Ten Orbs {Dam+3} (You took it off an orc on level 10 of the Dungeon)
 10536 | D:10     | Found a portal to a secret trove of treasure.
 10710 | D:10     | Gained mutation: You possess an exceptional clarity of mind. [potion of beneficial mutation]
 10720 | D:10     | Found a staircase to the Lair.
 11183 | Lair:1   | Entered Level 1 of the Lair of Beasts
 12153 | Lair:1   | Noticed a seven-headed hydra
 12170 | Lair:1   | Killed a seven-headed hydra
 12170 | Lair:1   | Reached skill level 10 in Fighting
 12170 | Lair:1   | Reached skill level 13 in Polearms
 12172 | Lair:1   | Received a gift from Okawaru
 12926 | Lair:2   | HP: 4/91 [blink frog (13)]
 13015 | Lair:2   | Found a labyrinth entrance.
 13027 | Lab      | Entered a labyrinth
 13497 | Lab      | Noticed a minotaur
 13506 | Lab      | Noticed a tengu warrior
 13642 | Lab      | Noticed nooodl's ghost (weakling FoFi)
 13655 | Lab      | Killed nooodl's ghost
 14502 | Lab      | Got a slimy lajatang
 14502 | Lab      | Identified the Collected Works on Creative Air (You found it in a labyrinth)
 15278 | Lair:2   | Noticed a five-headed hydra
 15291 | Lair:2   | Reached skill level 1 in Evocations
 15415 | Lair:2   | Killed a five-headed hydra
 15415 | Lair:2   | Reached XP level 12. HP: 67/98 MP: 12/14
 15418 | Lair:2   | Received a gift from Okawaru
 15421 | Lair:2   | Got a pitted hand axe {god gift}
 15422 | Lair:2   | Identified the +9,+5 hand axe of Cowardice {venom, rPois Dex+2} (Okawaru gifted it to you on level 2 of the Lair of Beasts)
 16206 | Lair:3   | Reached skill level 14 in Polearms
 16992 | Lair:4   | Noticed a five-headed hydra
 17352 | Lair:4   | Killed a five-headed hydra
 17352 | Lair:4   | Received a gift from Okawaru
 17827 | Lair:4   | Noticed Harold
 17855 | Lair:4   | Killed Harold
 18031 | Lair:4   | Reached skill level 10 in Stealth
 18199 | Lair:4   | Received a gift from Okawaru
 18262 | Lair:4   | Got a blackened glaive {god gift}
 18263 | Lair:4   | Identified the +9,+8 glaive of Zilug {chop, +Inv rF++ rC-} (Okawaru gifted it to you on level 4 of the Lair of Beasts)
 18336 | Lair:4   | Reached skill level 15 in Polearms
 18686 | Lair:4   | Reached XP level 13. HP: 95/107 MP: 16/16
 19541 | Lair:5   | Reached skill level 16 in Polearms
 19779 | Lair:5   | Received a gift from Okawaru
 19797 | Lair:5   | Reached skill level 15 in Dodging
 19801 | Lair:5   | Got a fine plate armour {god gift}
 19816 | Lair:5   | Identified the -10 plate armour of the Castellan {rElec} (Okawaru gifted it to you on level 5 of the Lair of Beasts)
 20642 | Lair:6   | Found a staircase to the Swamp.
 20800 | Lair:6   | Found a hole to the Spider Nest.
 20808 | Lair:6   | the hole to the Spider Nest was a mimic.
 20829 | Lair:6   | Noticed Rupert
 20874 | Lair:6   | Killed Rupert
 20874 | Lair:6   | Reached skill level 17 in Polearms
 21137 | Lair:6   | Identified the +9,+10 lajatang of Prudence {speed, rC+ rN+} (You found it in a labyrinth)
 21145 | Lair:6   | Found a staircase to the Snake Pit.
 21560 | Lair:6   | Received a gift from Okawaru
 21564 | Lair:6   | Got a pair of faintly glowing gloves {god gift}
 21568 | Lair:6   | Identified the +1 pair of gloves of Good Intentions {rPois} (Okawaru gifted it to you on level 6 of the Lair of Beasts)
 21782 | Lair:6   | Reached XP level 14. HP: 116/116 MP: 18/18
 22311 | Lair:7   | Reached skill level 18 in Polearms
 22327 | Lair:7   | Got a heavily runed scale mail
 22338 | Lair:7   | Identified the cursed +6 scale mail of Existentialism {rElec rC+ Dex+3} (You found it on level 7 of the Lair of Beasts)
 22459 | Lair:7   | Found a staircase to the Slime Pits.
 22876 | Lair:8   | Entered Level 8 of the Lair of Beasts
 23488 | Lair:8   | Received a gift from Okawaru
 23511 | Lair:8   | Got a fine bardiche {god gift}
 23512 | Lair:8   | Identified the +3,-2 bardiche of Ateusket {chop, Str-2 Stlth++} (Okawaru gifted it to you on level 8 of the Lair of Beasts)
 23678 | Lair:8   | Got a pitted spear
 23679 | Lair:8   | Identified the +6,+3 spear "Ilitalas" {flame, rF+ rN+ MR+ Curse} (You found it on level 8 of the Lair of Beasts)
 23705 | Lair:8   | Reached skill level 19 in Polearms
 24014 | Swamp:1  | Entered Level 1 of the Swamp
 24080 | Swamp:1  | Found a frozen archway.
 24120 | IceCv    | Entered an ice cave
 24626 | IceCv    | Received a gift from Okawaru
 24629 | IceCv    | Got a shimmering halberd {god gift}
 25941 | IceCv    | Noticed an Ice Fiend
 26862 | IceCv    | Killed an Ice Fiend
 26862 | IceCv    | Reached skill level 5 in Armour
 26862 | IceCv    | Reached skill level 1 in Invocations
 26862 | IceCv    | Reached XP level 15. HP: 64/126 MP: 11/18
 26889 | IceCv    | Got a slimy hat
 26914 | IceCv    | Identified the cursed -2 hat "Jomaitit" {+Inv SInv} (You found it in an ice cave)
 27040 | Swamp:1  | Identified the +3,-4 halberd of Dismay {slay drac, Stlth--} (Okawaru gifted it to you in an ice cave)
 27139 | Swamp:1  | Received a gift from Okawaru
 27170 | Swamp:1  | Got a faintly glowing diamond amulet
 27171 | Swamp:1  | Identified the amulet of Stres {Inacc Str-3} (You found it on level 1 of the Swamp)
 27589 | Swamp:1  | Got a pitted broad axe
 27980 | Swamp:2  | Reached skill level 20 in Polearms
 28354 | Swamp:2  | Received a gift from Okawaru
 28879 | Swamp:3  | Noticed a thorn hunter
 28898 | Swamp:3  | Killed a thorn hunter
 29127 | Swamp:3  | Noticed a thorn hunter
 29142 | Swamp:3  | Killed a thorn hunter
 29895 | Swamp:4  | Received a gift from Okawaru
 29994 | Swamp:4  | Reached skill level 15 in Fighting
 30546 | Swamp:5  | Entered Level 5 of the Swamp
 31091 | Swamp:5  | Reached XP level 16. HP: 133/136 MP: 20/20
 31131 | Swamp:5  | Reached skill level 21 in Polearms
 31150 | Swamp:5  | Received a gift from Okawaru
 31899 | Swamp:5  | Noticed the 27-headed Lernaean hydra
 31912 | Swamp:5  | Killed the 23-headed Lernaean hydra
 31917 | Swamp:5  | Got a decaying rune of Zot
 32280 | Snake:1  | Entered Level 1 of the Snake Pit
 32406 | Snake:1  | Noticed Louise
 32419 | Snake:1  | Killed Louise
 32485 | Snake:1  | Noticed Agnes
 32493 | Snake:1  | Killed Agnes
 32493 | Snake:1  | Received a gift from Okawaru
 32516 | Snake:1  | Identified a +1 cloak of preservation (Okawaru gifted it to you on level 1 of the Snake Pit)
 33235 | Orc:1    | Entered Level 1 of the Orcish Mines
 33791 | Orc:2    | Found Pufyufu's Distillery.
 33810 | Orc:2    | Bought a potion of heal wounds for 39 gold pieces
 33810 | Orc:2    | Bought a potion of heal wounds for 39 gold pieces
 34643 | Orc:4    | Entered Level 4 of the Orcish Mines
 34711 | Orc:4    | Found Kluas' Magic Scroll Boutique.
 35022 | Orc:4    | Found a staircase to the Elven Halls.
 35077 | Orc:4    | Found Ujujunn's Distillery.
 35136 | Orc:4    | Reached skill level 22 in Polearms
 35175 | Orc:4    | Found Awnuc's Food Shop.
 35180 | Orc:4    | Found Oghemud's Distillery.
 35182 | Orc:4    | Found Neogimm's Jewellery Shoppe.
 35200 | Orc:4    | Reached XP level 17. HP: 136/144 MP: 21/21
 35242 | Orc:4    | Bought a potion of cure mutation for 350 gold pieces
 35249 | Orc:4    | Bought a cursed ring of hunger for 28 gold pieces
 35249 | Orc:4    | Bought an uncursed amulet of inaccuracy for 28 gold pieces
 35249 | Orc:4    | Bought a cursed -3 ring of strength for 28 gold pieces
 35706 | D:11     | Noticed Sonja
 35709 | D:11     | Killed Sonja
 36065 | D:11     | Noticed Nessos
 36093 | D:11     | Killed Nessos
 36147 | D:11     | Got a distressingly furry leather armour
 36148 | D:11     | Identified the +1 leather armour of Frahoddudics {Str-3 Dex+2} (You found it on level 11 of the Dungeon)
 36207 | D:11     | Received a gift from Okawaru
 36405 | D:12     | Noticed Nergalle
 36412 | D:12     | Killed Nergalle
 36580 | D:12     | Noticed inmateoo's ghost (powerful TrMo)
 36589 | D:12     | Killed inmateoo's ghost
 36662 | D:12     | Got a slimy leather armour
 36663 | D:12     | Identified the cursed -3 leather armour "Zoilleit" {rElec Int+2 Acc+3} (You found it on level 12 of the Dungeon)
 36933 | D:12     | Found an iron altar of Okawaru.
 37115 | D:13     | Found a gate to the Vaults.
 37185 | D:13     | Received a gift from Okawaru
 37280 | D:13     | Got a faintly glowing leather armour
 37281 | D:13     | Identified the +0 leather armour "Zypyis" {Str-2 Dex+4 Curse} (You found it on level 13 of the Dungeon)
 37999 | D:14     | Got a pair of crude boots
 38002 | D:14     | Identified the cursed -2 pair of boots "Mesh" {Acc+3 SInv} (You found it on level 14 of the Dungeon)
 38177 | D:14     | Paralysed by a potion of paralysis for 2 turns
 38269 | D:14     | Noticed Azrael
 38302 | D:14     | Killed Azrael
 38448 | D:14     | Got a scintillating brass ring
 38449 | D:14     | Identified the ring of Diotz {+Inv rElec Acc+4} (You took it off an orc priest on level 14 of the Dungeon)
 38502 | D:14     | Noticed Urug
 38510 | D:14     | Killed Urug
 38510 | D:14     | Reached skill level 23 in Polearms
 38525 | D:14     | Found Strudassa's Assorted Antiques.
 38585 | D:14     | Bought a pitted ring mail for 189 gold pieces
 38586 | D:14     | Identified the +2 ring mail of Desk {rC+ rN+} (You bought it in a shop on level 14 of the Dungeon)
 38609 | D:14     | Noticed Maud
 38628 | D:14     | Killed Maud
 38801 | D:15     | Entered Level 15 of the Dungeon
 38843 | D:15     | Received a gift from Okawaru
 38951 | D:15     | Found a staircase to the Depths.
 39441 | D:15     | Found a shadowy altar of Dithmenos.
 39661 | D:15     | Reached XP level 18. HP: 123/155 MP: 21/23
 39788 | Vaults:1 | Entered Level 1 of the Vaults
 40199 | Vaults:1 | Got an ancient robe
 40200 | Vaults:1 | Identified the cursed -5 robe "Heeneusi" {Dex-3 Int-2 Acc-3} (You found it on level 1 of the Vaults)
 40524 | Vaults:1 | Received a gift from Okawaru
 41806 | Vaults:1 | Received a gift from Okawaru
 42259 | Vaults:1 | Reached skill level 24 in Polearms
 43475 | Vaults:2 | Received a gift from Okawaru
 43591 | Vaults:2 | Reached XP level 19. HP: 158/164 MP: 18/25
 44770 | Vaults:3 | Found a staircase to the Crypt.
 45102 | Vaults:3 | Found a staircase to the Hall of Blades.
 45153 | Vaults:3 | Received a gift from Okawaru
 45346 | Vaults:3 | Noticed Boris
 45365 | Vaults:3 | Killed Boris
 45365 | Vaults:3 | Reached skill level 25 in Polearms
 46514 | Vaults:3 | Reached skill level 5 in Invocations
 47112 | Crypt:1  | Entered Level 1 of the Crypt
 47194 | Vaults:3 | Reached XP level 20. HP: 162/176 MP: 24/27
 47198 | Vaults:3 | Reached skill level 10 in Armour
 47356 | Blade    | Entered the Hall of Blades
 47413 | Vaults:4 | Noticed Xtahua
 47430 | Vaults:4 | Killed Xtahua
 47524 | Vaults:4 | Noticed Saint Roka
 47558 | Vaults:4 | Killed Saint Roka
 48168 | Depths:1 | Entered Level 1 of the Depths
 48244 | Depths:1 | Received a gift from Okawaru
 48247 | Depths:1 | Got a twisted helmet {god gift}
 48251 | Depths:1 | Identified the +2 helmet of Striy {+Fly rPois Curse} (Okawaru gifted it to you on level 1 of the Depths)
 48257 | Depths:1 | Found Xuafiul's Food Emporium.
 48526 | Depths:1 | Reached skill level 26 in Polearms
 48659 | Depths:1 | Got a scintillating lapis lazuli ring
 48660 | Depths:1 | Identified the ring "Qaiblum" {MP+9 Acc-4} (You found it on level 1 of the Depths)
 48910 | Depths:1 | Found a gateway to Hell.
 48916 | Hell     | Entered the Vestibule of Hell
 48916 | Hell     | Noticed Geryon
 48987 | Depths:1 | Noticed Wiglaf
 49002 | Depths:1 | Killed Wiglaf
 49013 | Depths:1 | Found a one-way gate to the infinite horrors of the Abyss.
 49716 | Depths:2 | Paralysed by a giant eyeball for 2 turns
 49926 | Depths:2 | Found a one-way gate leading to the halls of Pandemonium.
 51036 | Snake:2  | Received a gift from Okawaru
 51471 | Snake:2  | Noticed Vashnia
 51622 | Snake:2  | Reached XP level 21. HP: 167/184 MP: 19/27
 51666 | Snake:2  | Killed Vashnia
 53036 | Snake:4  | Noticed Frances
 53052 | Snake:4  | Killed Frances
 53252 | Snake:4  | Reached skill level 27 in Polearms
 53864 | D:14     | Bought 3 scrolls of teleportation for 189 gold pieces
 54320 | Orc:4    | Bought a scroll of teleportation for 48 gold pieces
 55106 | Snake:5  | Entered Level 5 of the Snake Pit
 55187 | Snake:5  | Received a gift from Okawaru
 55213 | Snake:5  | Got a shimmering glaive {god gift}
 55214 | Snake:5  | Identified the +7,+6 glaive "Transmigrator" {chop, Noisy rElec} (Okawaru gifted it to you on level 5 of the Snake Pit)
 55242 | Snake:5  | Gained mutation: You can spit poison. [potion of beneficial mutation]
 55429 | Snake:5  | Noticed timbw's ghost (mighty TrMo)
 55821 | Snake:5  | Killed timbw's ghost
 57353 | Snake:5  | Received a gift from Okawaru
 57597 | Snake:5  | Reached XP level 22. HP: 140/196 MP: 21/29
 57886 | Snake:5  | Got a serpentine rune of Zot
 58362 | Elf:1    | Entered Level 1 of the Elven Halls
 58486 | Elf:1    | Found Piadei's Jewellery Emporium.
 58494 | Elf:1    | Bought an uncursed amulet of faith for 520 gold pieces
 58933 | Elf:1    | Noticed Nikola
 58941 | Elf:1    | Killed Nikola
 58943 | Elf:1    | Received a gift from Okawaru
 58944 | Elf:1    | Got a pair of slimy gloves {god gift}
 58954 | Elf:1    | Identified the +0 pair of gloves of Least Resistance {rElec Str+3} (Okawaru gifted it to you on level 1 of the Elven Halls)
 59438 | Elf:2    | Noticed Jorgrun
 59460 | Elf:2    | Killed Jorgrun
 59941 | Elf:3    | Entered Level 3 of the Elven Halls
 60006 | Elf:3    | Noticed Asterion
 60015 | Elf:3    | Killed Asterion
 60245 | Elf:3    | Received a gift from Okawaru
 60248 | Elf:3    | Got a distressingly furry chain mail {god gift}
 60249 | Elf:3    | Identified the -6 chain mail "Neanurphuo" {Dex+2} (Okawaru gifted it to you on level 3 of the Elven Halls)
 60292 | Elf:3    | Found a burning altar of Makhleb.
 60586 | Elf:3    | Upgraded the game from 0.14.0-12-g87ee3b7 to 0.14.0-15-g6b16f67
 61333 | Crypt:1  | You fall through a shaft!
 61495 | Crypt:1  | Noticed Donald
 61510 | Crypt:1  | Killed Donald
 61822 | Crypt:1  | Noticed Khufu
 61822 | Crypt:1  | Noticed a greater mummy
 61868 | Crypt:1  | Killed Khufu
 61878 | Crypt:1  | Killed a greater mummy
 62123 | Crypt:1  | Received a gift from Okawaru
 62162 | Crypt:1  | Reached XP level 23. HP: 207/207 MP: 30/30
 62608 | Crypt:2  | Found a staircase to the Tomb.
 62837 | Tomb:1   | Entered Level 1 of the Tomb of the Ancients
 63939 | Trove    | Entered a treasure trove
 63950 | Trove    | Got a crystal hand axe
 63967 | Trove    | Got a fine bardiche
 63968 | Trove    | Identified the +3,-1 bardiche "Gaelati" {chop, Hunger+ Dex+1} (You found it in a treasure trove)
 63971 | Trove    | Got a slimy dagger
 63972 | Trove    | Identified the cursed +0,+1 dagger "Blopt" {flame, rF+ Stlth+} (You found it in a treasure trove)
 63982 | Trove    | Got a pitted glaive
 63995 | Trove    | Got a brightly glowing blowgun
 64000 | Trove    | Got a smoking morningstar
 64038 | D:10     | Identified the +9,+3 hand axe "Schefralob" {freeze, rElec SInv} (You found it in a treasure trove)
 64039 | D:10     | Identified the +5,+6 glaive of Suugg {flame, Str-3} (You found it in a treasure trove)
 64040 | D:10     | Identified the +6 blowgun of Tender Mercy {speed, Contam rPois rF+ MR+} (You found it in a treasure trove)
 64041 | D:10     | Identified the cursed +2,-2 morningstar of Inference {freeze, rElec rC++ Int-2} (You found it in a treasure trove)
 65870 | Depths:2 | Got a smoking robe
 65871 | Depths:2 | Identified the +5 robe of the Five Hells {rPois} (You took it off a yaktaur on level 2 of the Depths)
 66250 | Depths:2 | Noticed a golden dragon
 66253 | Depths:2 | Killed a golden dragon
 66257 | Depths:2 | Noticed a golden dragon
 66270 | Depths:2 | Killed a golden dragon
 66272 | Depths:2 | Received a gift from Okawaru
 66703 | Depths:1 | Bought a meat ration for 60 gold pieces
 66703 | Depths:1 | Bought a bread ration for 52 gold pieces
 66703 | Depths:1 | Bought a meat ration for 60 gold pieces
 66703 | Depths:1 | Bought a meat ration for 60 gold pieces
 66843 | Depths:2 | Noticed Elizilla's ghost (great TrMo)
 66862 | Depths:2 | Killed Elizilla's ghost
 67177 | Depths:2 | Received a gift from Okawaru
 67899 | Depths:2 | Received a gift from Okawaru
 67995 | Depths:3 | Reached XP level 24. HP: 209/219 MP: 31/31
 68976 | Depths:3 | Identified the Grimoire of Flying Aid
 69243 | Depths:3 | Got a twitching ivory amulet
 69244 | Depths:3 | Identified the amulet "Notut" {Clar rC+ Acc-5} (You found it on level 3 of the Depths)
 69390 | Depths:4 | Noticed Boris
 69415 | Depths:4 | Killed Boris
 70040 | Depths:4 | Received a gift from Okawaru
 70041 | Depths:4 | Found a glowing golden altar of the Shining One.
 70322 | Depths:4 | Got a smoking chain mail
 70323 | Depths:4 | Identified the +1 chain mail "Ismexaf" {Dex-3 Int+4 Acc+4 Dam+6 Stlth++} (You found it on level 4 of the Depths)
 70415 | Depths:4 | Paralysed by a sphinx for 6 turns
 71322 | Vaults:4 | Noticed Jory
 71343 | Vaults:4 | Killed Jory
 71517 | Vaults:4 | Received a gift from Okawaru
 71531 | Vaults:4 | Got a bloodstained helmet {god gift}
 71535 | Vaults:4 | Identified the -5 helmet of Miroaq {+Blink SInv} (Okawaru gifted it to you on level 4 of the Vaults)
 71766 | Vaults:4 | Gained mutation: You are partially covered in yellow scales (AC +2). [potion of beneficial mutation]
 72158 | Vaults:4 | Reached XP level 25. HP: 207/230 MP: 31/31
 72509 | Vaults:5 | Entered Level 5 of the Vaults
 73609 | Vaults:4 | Received a gift from Okawaru
 74781 | Vaults:4 | Paralysed by a great orb of eyes for 5 turns
 75027 | Depths:1 | Bought a bread ration for 52 gold pieces
 75027 | Depths:1 | Bought a bread ration for 52 gold pieces
 75027 | Depths:1 | Bought a bread ration for 52 gold pieces
 75027 | Depths:1 | Bought a meat ration for 60 gold pieces
 75027 | Depths:1 | Bought a meat ration for 60 gold pieces
 75835 | Vaults:5 | Reached skill level 27 in Fighting
 76590 | Vaults:5 | Received a gift from Okawaru
 77217 | Vaults:5 | Reached XP level 26. HP: 76/242 MP: 32/32
 77224 | Vaults:5 | HP: 6/242 [golden dragon/bolt of cold (53)]
 77672 | Vaults:5 | Received a gift from Okawaru
 78195 | Vaults:5 | Noticed an ancient lich
 78209 | Vaults:5 | Killed an ancient lich
 78639 | Vaults:5 | Got a silver rune of Zot
 78648 | Vaults:5 | Identified the Reference Book on Execration
 78868 | Vaults:5 | Identified Caicw's Compendium of Summoning
 78878 | Vaults:5 | Identified the Grimoire of Blows and Bruises and the Snowflakes
 78947 | Vaults:5 | Identified a scroll of acquirement
 78973 | Vaults:5 | Identified Groffaw's Papyrus of Beguiling and the Blaze
 80038 | Slime:1  | Entered Level 1 of the Pits of Slime
 81793 | Slime:5  | Reached skill level 27 in Dodging
 81987 | Slime:6  | Entered Level 6 of the Pits of Slime
 82419 | Slime:6  | Noticed the royal jelly
 82795 | Slime:6  | Found a viscous altar of Jiyva.
 82903 | Slime:6  | Killed the royal jelly
 82903 | Slime:6  | Reached skill level 15 in Armour
 82979 | Slime:6  | Gained mutation: Your magical capacity is low (-10% MP). [a shining eye]
 83055 | Slime:6  | Identified the Incunabulum of Battle Magic and the Blaze
 83058 | Slime:6  | Identified Iskenderun's Disquisition on Confrontation
 83139 | Slime:6  | Got a pitted leather armour
 83140 | Slime:6  | Identified the +1 leather armour of Gravity {Str+3 Dex+5 Curse} (You found it on level 6 of the Pits of Slime)
 83283 | Slime:6  | Got a transparent scale mail
 83284 | Slime:6  | Identified the cursed -5 scale mail of Day {+Inv} (You found it on level 6 of the Pits of Slime)
 83337 | Slime:6  | Got a slimy rune of Zot
 83345 | Slime:6  | Got a pair of shimmering gloves
 83354 | Slime:6  | Identified the +2 pair of gloves of the Turtledove {Str+5} (You found it on level 6 of the Pits of Slime)
 84256 | Crypt:3  | Reached XP level 27. HP: 205/249 MP: 29/29
 84269 | Crypt:3  | Received a gift from Okawaru
 85949 | Crypt:5  | Entered Level 5 of the Crypt
 86346 | Crypt:5  | Found a basalt altar of Yredelemnul.
 86739 | Crypt:5  | Got a fine bardiche
 86742 | Crypt:5  | Identified the +2,+2 bardiche "Bepulu" {drain, Str+3} (You took it off an unborn on level 5 of the Crypt)
 87133 | Crypt:5  | Got a warped leather armour
 87134 | Crypt:5  | Identified the +3 leather armour of Capeqairph {Str+3 Dex+2} (You took it off a skeletal warrior on level 5 of the Crypt)
 87291 | Crypt:5  | Received a gift from Okawaru
 88992 | Crypt:5  | Identified the Guide on the Glacier and Talismans (You found it on level 5 of the Crypt)
 90432 | Depths:4 | Noticed the Enchantress
 90442 | Depths:4 | Killed the Enchantress
 90490 | Depths:4 | Got a faerie dragon armour
 90491 | Depths:4 | Identified the -1 faerie dragon armour {Str+4 Dex+3} (You took it off the Enchantress on level 4 of the Depths)
 90638 | Depths:5 | Entered Level 5 of the Depths
 91777 | Depths:5 | Identified the Reference Book on Poisonous Attacks
 91827 | Depths:5 | Upgraded the game from 0.14.0-15-g6b16f67 to 0.14.0-17-gc0b17a5
 92161 | Depths:5 | Found a gateway to a ziggurat.
 92204 | Zig:1    | Entered Level 1 of a ziggurat
 92228 | Zig:2    | Entered Level 2 of a ziggurat
 92309 | Zig:3    | Entered Level 3 of a ziggurat
 92337 | Zig:3    | Got a fine chain mail
 92338 | Zig:3    | Identified the +3 chain mail of the Gloaming {Acc+4} (You found it on level 3 of a ziggurat)
 92377 | Zig:4    | Entered Level 4 of a ziggurat
 92426 | Zig:4    | Got a crystal flail
 92460 | Zig:5    | Entered Level 5 of a ziggurat
 92616 | Zig:6    | Entered Level 6 of a ziggurat
 92653 | Zig:6    | HP: 12/373 [greater mummy/divine providence (12)]
 92656 | Zig:6    | Killed from afar by a mummy priest

Action                   |  1- 3 |  4- 6 |  7- 9 | 10-12 | 13-15 | 16-18 | 19-21 | 22-24 | 25-27 || total
-------------------------+-------+-------+-------+-------+-------+-------+-------+-------+-------++-------
Melee: Trident           |   123 |   389 |   580 |  1061 |    27 |       |       |       |       ||  2180
       Spear             |       |       |     4 |     8 |   292 |       |       |       |       ||   304
       Glaive            |       |       |       |    40 |  1101 |  1754 |  1799 |  1940 |  2932 ||  9566
       Unarmed           |       |       |       |       |    36 |       |       |       |       ||    36
       Bardiche          |       |       |       |       |    11 |    85 |     3 |       |       ||    99
       Demon trident     |       |       |       |       |       |       |       |   150 |       ||   150
 Fire: Blowgun           |       |     7 |    79 |    75 |       |       |       |       |       ||   161
Throw: Javelin           |       |       |     2 |       |       |     3 |       |       |       ||     5
       Stone             |       |       |     1 |     2 |       |       |       |       |       ||     3
       Throwing net      |       |       |       |     1 |       |       |       |       |       ||     1
Invok: Heroism           |       |       |       |       |     9 |    11 |    13 |     8 |     8 ||    49
       Finesse           |       |       |       |       |     1 |     6 |     7 |     1 |     4 ||    19
 Abil: Evoke Invisibilit |     1 |     2 |       |     9 |       |     6 |     1 |     2 |     2 ||    23
Evoke: Wand              |       |       |     4 |    18 |     5 |     6 |     4 |     4 |     9 ||    50
  Use: Potion            |       |     3 |     9 |    17 |     4 |     1 |    10 |     5 |    25 ||    74
       Scroll            |       |     2 |    13 |     7 |    10 |    10 |     6 |    25 |    25 ||    98
 Stab: Invisible         |     1 |     5 |       |    37 |       |    31 |     2 |    25 |    12 ||   113
       Sleeping          |       |     6 |    16 |    42 |    39 |    29 |    25 |    33 |    26 ||   216
       Distracted        |       |       |       |     3 |    10 |     3 |    10 |     6 |     8 ||    40
       Confused          |       |       |       |       |       |       |       |     1 |       ||     1
